 Dungeon Crawl Stone Soup version 0.22-a0-252-gcace5d2 (webtiles) character file.

27 4thArraOfDagon the Ducker (level 2, 0/14 HPs)
             Began as a Felid Chaos Knight on Mar 2, 2018.
             Slain by a rat (3 damage)
             ... on level 2 of the Dungeon.
             The game lasted 00:02:11 (461 turns).

4thArraOfDagon the Ducker (Felid Chaos Knight)       Turns: 461, Time: 00:02:13

Health: 0/14       AC:  1    Str:  8    XL:     2   Next: 93%
Magic:  3/3        EV: 19    Int: 13    God:    Xom [...*..]
Gold:   67         SH:  0    Dex: 15    Spells: 1/1 levels left
                                        Lives:  0   Deaths: 0

rFire    . . .     SeeInvis +     - Unarmed
rCold    . . .     Gourm    .   (shield unavailable)
rNeg     . . .     Faith    .   (armour unavailable)
rPois    .         Spirit   .   (helmet unavailable)
rElec    .         Reflect  .   (cloak unavailable)
rCorr    .         Harm     .   (gloves unavailable)
MR       .....                  (boots unavailable)
Stlth    +++.......             (no amulet)
HPRegen  0.04/turn              (no ring)
MPRegen  0.08/turn              (no ring)

@: quick
A: very small, no armour, no weapons or thrown items, stealth, claws 1, fangs 3,
see invisible, carnivore, speed 1, shaggy fur 1, slow metabolism 1, sharp paws
a: Renounce Religion


You were on level 2 of the Dungeon.
You worshipped Xom.
You were a favourite toy of Xom.
You were very full.

You visited 1 branch of the dungeon, and saw 3 of its levels.

You collected 67 gold pieces.

Inventory:

Wands
 f - a wand of enslavement (18)
Scrolls
 b - 2 scrolls of teleportation {unknown}
 c - 3 scrolls of identify {unknown}
 d - a scroll of remove curse {unknown}
 e - a scroll of noise {unknown}
Comestibles
 a - 4 rations


   Skills:
 - Level 3.0 Fighting
 + Level 3.7 Dodging
 * Level 2.7 Stealth
 + Level 3.2 Unarmed Combat


You had one spell level left.
You didn't know any spells.

Dungeon Overview and Level Annotations

Branches:
Dungeon (3/15)

Altars:
Trog


Innate Abilities, Weirdness & Mutations

You cannot wear armour.
You are incapable of wielding weapons or throwing items.
Your paws allow you to move quietly. (Stealth)
You have sharp claws.
You have razor-sharp teeth.
You have supernaturally acute eyesight. (SInv)
You are carnivorous and can eat meat at any time.
You cover ground quickly.
You are covered in fur. (AC +1)
You have a slow metabolism.
Your sharp claws are effective at attacking unaware monsters.


Message History

Unknown command.
Unknown command.
Unknown command.
You barely miss the worm.
The worm is almost dead.
The worm misses you. The rat closely misses you.
The rat bites you but does no damage.
Unknown command.
Unknown command.
Unknown command.
The moth of wrath's fur bristles in rage as it notices you.
The moth of wrath goads the worm on!
The worm goes berserk!
Xom is mildly amused.
The moth of wrath goads the rat on!
The rat goes berserk!
Xom is amused.
Unknown command.
Unknown command.
Unknown command.
The rat bites you.
You die...

######
##.@..###
#...rwr.##
#.......w.#
#....#....#
#...###..))#
.....#y#._.)#
###...###.w).#
#....#....## #
#.........# #


You could see a moth of wrath, 3 worms and 2 rats.

Vanquished Creatures
  A dart slug (D:1)
  4 bats
  A giant cockroach (D:1)
  A goblin (D:1)
  2 hobgoblins
  A jackal (D:2)
  2 kobolds
  A quokka (D:2)
  A ball python (D:2)
  5 rats
19 creatures vanquished.

Vanquished Creatures (collateral kills)
  A dart slug (D:3)
  An orc (D:3)
  A hobgoblin (D:3)
  A frilled lizard (D:3)
  A kobold (D:3)
5 creatures vanquished.

Grand Total: 24 creatures vanquished

Notes
Turn   | Place    | Note
-------+----------+-------------------------------------------
     0 | D:1      | 4thArraOfDagon the Felid Chaos Knight began the quest for the Orb.
     0 | D:1      | Reached XP level 1. HP: 10/10 MP: 2/2
    47 | D:1      | Reached skill level 1 in Stealth
   127 | D:1      | Reached XP level 2. HP: 14/14 MP: 3/3
   140 | D:1      | XOM: divination: magic mapping
   453 | D:2      | Found a bloodstained altar of Trog.
   453 | D:2      | Noticed a moth of wrath
   461 | D:2      | Slain by a rat

Vault maps used:
D:1:      scummos_arrival_gate, interstate_on_off
D:2:      xom_butterflies, tgw_trog, columned_hall_lemuel
D:3:      lemuel_round_altar, overflow_temple_1_default,
          overflow_temple_1_default, first_ration

Skill      XL: |  1  2 |
---------------+-------+-----
Stealth        | 1 2 |  2.7
Fighting       | |  3.0
Dodging        | |  3.7
Unarmed Combat | |  3.2

Action                   || total
-------------------------++-------
Melee: Unarmed           ||    68
       Bite              ||     7
Evoke: Wand              ||     1
 Stab: Sleeping          ||     5
  Eat: Chunk             ||     5
Armor: Skin              ||     3
Dodge: Dodged            ||    72

Table legend:
 A = Spawn XP
 B = Non-spawn XP
 C = Spawn XP percentage of total XP
 D = Spawn monster count
 E = Non-spawn monster count
 F = Spawn count percentage of total count
 G = Total turns spent on level
                    A         B        C        D         E        F      G
               +---------+---------+-------+---------+---------+-------+---------
         Total |       0 |      39 |   0.0 |       0 |      24 |   0.0 |   461
               +---------+---------+-------+---------+---------+-------+---------
           D:1 |       0 |      19 |   0.0 |       0 |      10 |   0.0 |   227
           D:2 |       0 |       8 |   0.0 |       0 |       5 |   0.0 |   111
           D:3 |       0 |      12 |   0.0 |       0 |       9 |   0.0 |   123
               +---------+---------+-------+---------+---------+-------+---------
